 Dungeon Crawl Stone Soup version 0.31-a0-986-g5e6e4ef867 (webtiles) character file.

Game seed: 12740028368279873782

629 hikkokomori the Stinger (level 7, -3/43 HPs)
             Began as a Gargoyle Venom Mage on Nov 20, 2023.
             Slain by an ogre
             ... wielding a +0 giant club
              (25 damage)
             ... on level 5 of the Dungeon.
             The game lasted 00:10:49 (3497 turns).

hikkokomori the Stinger (Gargoyle Venom Mage)       Turns: 3497, Time: 00:10:49

Health: -3/43      AC:  7    Str: 11    XL:     7   Next: 48%
Magic:  6/13       EV: 11    Int: 18    God:
Gold:   115        SH:  0    Dex: 10    Spells: 4/14 levels left

rFire   . . .        g - +2 dagger (venom)
rCold   . . .        (no shield)
rNeg    + . .        c - +0 leather armour
rPois   ∞            (no helmet)
rElec   +            (no cloak)
rCorr   .            (no gloves)
SInv    +            (no boots)
Will    .....        (no amulet)
Stlth   ++           d - ring of wizardry
HPRegen 0.27/turn    a - ring of see invisible
MPRegen 0.13/turn

%: wizardry (x1)
@: no status effects
A: sickness immunity, AC +4, negative energy resistance 1, electricity
resistance, torment resistance 1, petrification resistance
a: no special abilities


You were on level 5 of the Dungeon.
You visited 1 branch of the dungeon, and saw 5 of its levels.

You collected 137 gold pieces.
You spent 22 gold pieces at shops.

Inventory:

Hand Weapons
 f - a +0 trident
 g - a +2 dagger of venom (weapon)
Missiles
 v - 3 curare-tipped darts
 w - a throwing net
Armour
 c - a +0 leather armour (worn)
Jewellery
 a - a ring of see invisible (right hand)
 d - a ring of wizardry (left hand)
 h - a ring of positive energy
 n - an amulet of guardian spirit
 t - a ring of protection from fire
Scrolls
 e - 2 scrolls of revelation
 i - a scroll of fear
 k - 2 scrolls of blinking
 l - a scroll of immolation {unknown}
 q - a scroll of identify
 s - a scroll of teleportation {unknown}
 u - a scroll of silence {unknown}
Potions
 b - 2 potions of magic
 j - a potion of berserk rage {unknown}
 m - a potion of curing
 o - a potion of cancellation {unknown}
 p - a potion of mutation {unknown}
 r - a potion of degeneration {unknown}


   Skills:
 + Level 4.1 Fighting
 - Level 1.5 Dodging
 + Level 4.4 Stealth
 + Level 4.0 Spellcasting
 - Level 0.7 Transmutations
 - Level 1.0 Air Magic
 + Level 5.0 Poison Magic


You had 4 spell levels left.
You knew the following spells:

 Your Spells              Type           Power      Damage    Failure   Level
a - Sting                 Tmut/Pois      52%        1d5       2%          1
b - Poisonous Vapours     Pois/Air       28%        N/A       3%          2
c - Mephitic Cloud        Conj/Pois/Air  10%        N/A       11%         3
d - Olgreb's Toxic Radia  Pois           21%        N/A       10%         4

Your spell library contained the following spells:

 Spells                   Type           Power      Damage    Failure   Level
 Lesser Beckoning         Tloc           6%         N/A       12%         2
 Gell's Gravitas          Tloc           3%         N/A       22%         3
 Inner Flame              Hex/Fire       3%         N/A       22%         3
 Teleport Other           Tloc           3%         N/A       22%         3
 Flame Wave               Conj/Fire      3%         2d5       56%         4
 Sticky Flame             Conj/Fire      3%         2d3       56%         4


Dungeon Overview and Level Annotations

Branches:
Dungeon (5/15)
 Temple: D:4-7

Altars:
Cheibriados
Elyvilon
Uskayaw

Shops:
D:1 ??**(


Innate Abilities, Weirdness & Mutations

You are immune to sickness and miasma.
Your stone body is resilient. (AC +4)
You are immune to poison.
You resist negative energy. (rN+)
You are resistant to electric shocks. (rElec)
You are resistant to unholy torment.
You are immune to petrification.


Message History

Done exploring.
Search for what [Enter for "scroll", or ? for help]? art You see here 3 curare-tipped darts.
v - 3 curare-tipped darts Done exploring.
There is a stone staircase leading down here.
You climb downwards.
There is a stone staircase leading up here.
An ice beast comes into view.
An ice beast is nearby!
An ice beast is nearby!
An ogre comes into view. It is wielding a +0 giant club.
You see here a throwing net.
w - a throwing net The ogre shouts!
Casting: Olgreb's Toxic Radiance (quite dangerous; 10% risk of failure)
Confirm with . or Enter, or press ? or * to list all spells.
You begin to radiate toxic energy.
The ogre is poisoned.
Unknown command.
The ogre looks even sicker.
Your toxic aura wanes.
You hit the ogre.
The ogre looks as sick as possible!
The ogre is heavily wounded.
The ogre hits you with a +0 giant club!!
Ouch! That really hurt!
Casting: Olgreb's Toxic Radiance (quite dangerous; 10% risk of failure)
Confirm with . or Enter, or press ? or * to list all spells.
Aiming: Mephitic Cloud (dangerous; 11% risk of failure)
Press: ? - help, Shift-Dir - straight line, f - ogre
Aim: an ogre, wielding a +0 giant club (heavily wounded, extremely poisoned, chance to affect: 77%)
The ball explodes into a vile cloud!
The stinking cloud engulfs the ogre but does no damage.
The ogre is heavily wounded.
The stinking cloud engulfs you but does no damage.
The stinking cloud engulfs the ice beast but does no damage.
Unknown command.
The ogre is engulfed in noxious fumes.
The ogre attacks as it pursues you!
The ogre hits you with a +0 giant club!!
Ouch! That really hurt!
You die...

##############
#............########
#.##................#
#.##.#######.####...
#.##.# #.####○#.#.#
#.##.## #..@O○Y....#
#.##..# #.####☼.....
#.###.# #.# ..... #.#
#.# #.# .... #.# #.#
#.# ..# #.# #.# #.#
.# #.###.######.# .
#............
####..#######


You could see an ice beast and an ogre (extremely poisoned).

Vanquished Creatures
  Grinder (D:3)
  A howler monkey (D:4)
  A hound (D:4)
  An orc priest (D:4)
  2 jellies (D:4)
  2 iguanas
  An orc wizard (D:4)
  5 gnolls
  6 adders
  6 worms
  2 dart slugs
  2 orcs (D:4)
  10 ball pythons
  3 bats (D:2)
  4 endoplasms
  A giant cockroach (D:3)
  5 hobgoblins
  9 jackals (D:3)
  10 kobolds
  5 quokkas
  4 frilled lizards
  7 goblins
  2 rats
90 creatures vanquished.

Notes
Turn   | Place    | Note
-------+----------+-------------------------------------------
     0 | D:1      | hikkokomori the Gargoyle Venom Mage began the quest for the
                  | Orb.
     0 | D:1      | Reached XP level 1. HP: 10/10 MP: 3/3
    91 | D:1      | Found Fuxownew's Antique Weapon Boutique.
   106 | D:1      | Reached skill level 1 in Fighting
   106 | D:1      | Reached XP level 2. HP: 5/16 MP: 0/5
   159 | D:1      | Learned a level 2 spell: Poisonous Vapours
   317 | D:1      | Found Moefuaqi's Magic Scroll Shop.
   399 | D:1      | Found Poluos's General Store.
   416 | D:1      | Found Niexzep's General Store.
   475 | D:1      | Reached XP level 3. HP: 18/20 MP: 6/6
   673 | D:1      | Found Coadal's Magic Scroll Boutique.
   724 | D:1      | Bought a scroll of identify for 22 gold pieces
   770 | D:2      | Learned a level 3 spell: Mephitic Cloud
  1121 | D:2      | Reached XP level 4. HP: 26/26 MP: 7/7
  1210 | D:2      | Reached skill level 1 in Air Magic
  1714 | D:3      | Found a faded altar of an unknown god.
  1729 | D:3      | Reached XP level 5. HP: 24/31 MP: 5/9
  2084 | D:3      | Noticed Grinder
  2087 | D:3      | Paralysed by Grinder for 5 turns
  2368 | D:3      | Killed Grinder
  2369 | D:3      | Reached skill level 4 in Poison Magic
  2369 | D:3      | Reached XP level 6. HP: 24/37 MP: 9/11
  2394 | D:3      | Learned a level 4 spell: Olgreb's Toxic Radiance
  2431 | D:3      | Found a white marble altar of Elyvilon.
  2682 | D:4      | Reached XP level 7. HP: 38/41 MP: 7/12
  2944 | D:4      | Found a snail-covered altar of Cheibriados.
  3126 | D:4      | Reached skill level 5 in Poison Magic
  3315 | D:4      | Found a hide-covered altar of Uskayaw.
  3444 | D:5      | Entered Level 5 of the Dungeon
  3497 | D:5      | Slain by an ogre

Illustrated notes

Levels and vault maps discovered:
D:1:      giann_bridges, layout_basic, serial_shops,
          nicolae_shop_hallway_stairs, nicolae_shop_advertising_works
          [nicolae_subvault_shop_adworks], shop, shop,
          nicolae_shop_tiny_waterfront
D:2:      layout_loops_corners
D:3:      layout_basic, old_standard_altar,
          hellmonk_ecumenical_altar_arch_garden, uniq_grinder
D:4:      layout_basic, nicolae_uskayaw_suspiria, cheibrodos_worm_habitat,
          kennysheep_generic_room_10
D:5:      cheibrodos_iron_armory, layout_loops_ring, grunt_temple_overflow_open,
          serial_shops, shop, kennysheep_minor_cross, grunt_tough_drop

Skill      XL: |  1  2  3  4  5  6  7 |
---------------+----------------------+-----
Fighting       | 1 2 3 4 |  4.1
Air Magic      | 1 |  1.0
Spellcasting   | 3 4 |  4.0
Stealth        | 3 4 |  4.4
Poison Magic   | 4 5 |  5.0
Dodging        | |  1.5
Transmutations | |  0.7

Action                     |  1- 3 |  4- 6 |  7- 9 || total
---------------------------+-------+-------+-------++-------
  Melee: Trident           |     6 |       |       ||     6
         Dagger            |    75 |   122 |    91 ||   288
         Punch             |       |     4 |     1 ||     5
   Cast: Sting             |     6 |     8 |       ||    14
         Poisonous Vapours |     3 |     2 |       ||     5
         Olgreb's Toxic Ra |       |     1 |     1 ||     2
         Mephitic Cloud    |       |       |     1 ||     1
    Use: Scroll            |     2 |     2 |       ||     4
         Potion            |       |       |     1 ||     1
   Stab: Sleeping          |     2 |     3 |     1 ||     6
 Armour: Leather armour    |    37 |    83 |    40 ||   160
  Dodge: Dodged            |    48 |    60 |    43 ||   151

Table legend: (Time is in decaauts)
 A = Elapsed time spent in this place.
 B = Non-inter-level travel time spent in this place.
 C = Inter-level travel time spent in this place.
 D = Time resting spent in this place.
 E = Time spent auto-exploring this place.
 F = Levels seen in this place.
 G = Mean time per level.
                   A        B        C        D        E       F      G
               +--------+--------+--------+--------+--------+-----+--------+
         Total |   3506 |   3439 |     67 |    357 |   2344 |   5 |  701.2 |
       Dungeon |   3506 |   3439 |     67 |    357 |   2344 |   5 |  701.2 |
               +--------+--------+--------+--------+--------+-----+--------+

Top non-repeatable levels by time:
     D:2: 1161 daAuts
     D:4: 882 daAuts
     D:1: 731 daAuts
     D:3: 677 daAuts
     D:5: 52 daAuts
